 Dungeon Crawl Stone Soup version 0.18-a0-1180-g64ccc1e (webtiles) character file.

75 Leszczynek the Sneak (level 4, 0/36 HPs)
             Began as a Naga Wizard on Jan 27, 2016.
             Killed from afar by Natasha (6 damage)
             ... with a magic dart
             ... on level 3 of the Dungeon.
             The game lasted 00:08:39 (2836 turns).

Leszczynek the Sneak (Naga Wizard)                  Turns: 2836, Time: 00:08:40

Health: 0/36       AC:  4    Str: 12    XL:     4   Next: 31%
Magic:  2/8        EV:  9    Int: 24    God:
Gold:   101        SH:  0    Dex:  9    Spells: 4 memorised, 1 level left

rFire  . . .     SeeInvis +     l - +2 dagger (speed)
rCold  . . .     Gourm    .     a - +0 robe
rNeg   . . .     Faith    .     (no shield)
rPois  +         Spirit   .     r - +0 helmet (curse)
rElec  .         Dismiss  .     h - +0 cloak
rCorr  .         Reflect  .     (no gloves)
SustAt .         Harm     .     (no barding)
MR     .....                    (no amulet)
Stlth  ++........               (no ring)
                                (no ring)

@: brilliant, flying, very slow, not resistant to hostile enchantments,
unstealthy
A: see invisible, deformed body, poison resistance, slowness 2, slow metabolism
1, spit poison 2, strong 1, AC +1
a: Spit Poison


You were on level 3 of the Dungeon.
You were not hungry.

You visited 1 branch of the dungeon, and saw 3 of its levels.

You collected 101 gold pieces.

Inventory:

Hand Weapons
 l - a +2 dagger of speed (weapon)
Missiles
 g - 30 sling bullets
 k - 36 stones (quivered)
 n - 19 poisoned needles
 v - 15 bolts of frost
Armour
 a - a +0 robe (worn)
 h - a +0 cloak (worn)
 r - a cursed +0 helmet (worn)
Jewellery
 i - an uncursed ring of protection from magic {unknown}
Scrolls
 e - 3 scrolls of identify {unknown}
 j - a scroll of enchant armour {unknown}
 m - a scroll of amnesia {unknown}
 s - a scroll of remove curse {unknown}
Books
 c - a book of Minor Magic

   Spells                             Type                      Level
   a - Magic Dart                     Conjuration                  1
   b - Blink                          Translocation                2
   c - Call Imp                       Summoning                    2
   d - Repel Missiles                 Charms/Air                   2
   e - Slow                           Hexes                        2
   f - Conjure Flame                  Conjuration/Fire             3
   g - Mephitic Cloud                 Conjuration/Poison/Air       3
Comestibles
 b - 2 chunks of flesh
 d - 3 bread rations
 f - a slice of pizza
 o - 2 beef jerkies


   Skills:
 - Level 1.5 Dodging
 - Level 3.0 Stealth
 - Level 3.0 Spellcasting
 - Level 2.0 Conjurations
 - Level 1.0 Hexes
 - Level 2.0 Summonings
   Level 1.0 Translocations
 + Level 0.6 Air Magic
 - Level 3.0 Poison Magic


You had one spell level left.
You knew the following spells:

 Your Spells              Type           Power        Failure   Level  Hunger
a - Magic Dart            Conj           ####         1%          1    None
b - Mephitic Cloud        Conj/Pois/Air  ####....     2%          3    ###....
c - Slow                  Hex            ###.....     1%          2    ##.....
q - Call Imp              Summ           ####....     1%          2    ##.....


Dungeon Overview and Level Annotations

Branches:
Dungeon (3/15)

Altars:
Gozag
Kikubaaqudgha
Okawaru
Yredelemnul
Zin

Annotations:
D:3 Natasha


Innate Abilities, Weirdness & Mutations

You cannot wear boots.
Your serpentine skin is tough (AC +1).
You have supernaturally acute eyesight.
Armour fits poorly on your strangely shaped body.
Your system is resistant to poisons.
You cover ground very slowly.
You have a slow metabolism.
You can spit poison.
Your muscles are strong. (Str +2)


Message History

* * * LOW HITPOINT WARNING * * *
Unknown command.
You aren't carrying any potions.
You barely miss Natasha.
Natasha is moderately wounded.
The white imp closely misses your crimson imp.
The crimson imp completely misses your crimson imp.
You closely miss Natasha.
Natasha is moderately wounded.
Natasha completely misses you.
The white imp shouts, "Submit, thou wayward kobold-kissing apple-john!"
The white imp hits your crimson imp but does no damage.
You barely miss Natasha.
Natasha is moderately wounded.
You have got your breath back.
Your crimson imp closely misses Natasha.
The crimson imp completely misses your crimson imp.
Natasha casts a spell at you. The magic dart hits you!
You die...

######... ##......#
##########5.#######
........@h5.......#
#.....####5###...##.#
.## #...(.##..####.#
#.....5#####..####..#
..###.. #....##......
..5..#...)....# ##.
.5.g...........###...
.................#...#
........#..........#


You could see Natasha, a crimson imp, a white imp and a friendly crimson imp.

Vanquished Creatures
  An adder (D:2)
  An ooze (D:2)
  A ball python (D:1)
  3 bats
  3 giant cockroaches
  9 goblins
  5 hobgoblins
  3 quokkas
  2 giant newts (D:1)
  7 kobolds
  2 rats
37 creatures vanquished.

Vanquished Creatures (collateral kills)
  Robin (D:2)
  2 oozes (D:1)
  A worm (D:2)
  A giant gecko (D:2)
  3 goblins (D:2)
  2 hobgoblins (D:1)
10 creatures vanquished.

Grand Total: 47 creatures vanquished

Notes
Turn   | Place    | Note
--------------------------------------------------------------
     0 | D:1      | Leszczynek the Naga Wizard began the quest for the Orb.
     0 | D:1      | Reached XP level 1. HP: 15/15 MP: 4/4
   336 | D:1      | Reached XP level 2. HP: 22/22 MP: 0/6
   346 | D:1      | Learned a level 2 spell: Call Imp
   349 | D:1      | Learned a level 2 spell: Slow
  1015 | D:1      | Reached XP level 3. HP: 28/28 MP: 1/7
  1220 | D:1      | Reached skill level 1 in Hexes
  1225 | D:1      | Learned a level 3 spell: Mephitic Cloud
  1376 | D:2      | Reached skill level 1 in Poison Magic
  2014 | D:2      | Found a basalt altar of Yredelemnul.
  2139 | D:2      | Found an opulent altar of Gozag.
  2140 | D:2      | Found a glowing silver altar of Zin.
  2320 | D:2      | Noticed Robin
  2332 | D:2      | Reached XP level 4. HP: 34/36 MP: 3/8
  2345 | D:2      | Killed Robin
  2705 | D:3      | Found an ancient bone altar of Kikubaaqudgha.
  2706 | D:3      | Found an iron altar of Okawaru.
  2807 | D:3      | Noticed Natasha
  2825 | D:3      | Gained mutation: Your muscles are strong. (Str +2) [potion of beneficial mutation]
  2836 | D:3      | Killed from afar by Natasha

Vault maps used:
D:1:      dpeg_arrival_renting
D:2:      grunt_temple_overflow_gold_and_silver, nicolae_overflow_hidden_temple,
          uniq_robin
D:3:      gammafunk_temple_overflow_pools, first_bread, uniq_natasha

Action                   |  1- 3 |  4- 6 || total
-------------------------+-------+-------++-------
Melee: Dagger            |    42 |    18 ||    60
Throw: Stone             |     3 |     2 ||     5
 Cast: Magic Dart        |    44 |    11 ||    55
       Call Imp          |     9 |     3 ||    12
 Abil: Spit Poison       |     6 |     2 ||     8
  Use: Potion            |     2 |     5 ||     7
 Stab: Sleeping          |     4 |     1 ||     5
  Eat: Chunk             |     4 |     1 ||     5
